Map: Rainfall LE

Players

PiG

  • Race: Terran Terran
  • League: Master

A.I. 1 (Very Easy) - Winner!

  • Race: Zerg Zerg

VOD

https://www.youtube.com/watch?v=Gwt8_wOuU0w

Description

PiG TvZ 8 worker beginner opening

Time

  • Played on: June 25, 2026, 2:15 a.m.
  • Length: 8:13
Show
View Real Time Build Order
Export as new Build Order

PiG Terran 

Build Orders: Reaper Expand, Hellion Banshee 

Get SALT Encoding   

  8  0:00  SCV  
  9  0:12  SCV  
  10  0:24  SCV  
  10  0:27  Supply Depot  
  11  0:36  SCV  
  12  0:50  Barracks  
  12  0:55  Refinery  
  12  1:01  SCV  
  13  1:13  SCV  
  14  1:25  SCV  
  15  1:38  Orbital Command, Reaper  
  16  2:03  SCV  
  17  2:14  Command Center  
  17  2:16  SCV  
  17  2:21  Marine  
  19  2:27  Supply Depot  
  19  2:28  SCV  
  20  2:36  Factory  
  20  2:40  SCV  
  20  2:47  Barracks Reactor  
  20  2:52  SCV  
  21  3:02  Refinery  
  21  3:04  SCV  
  22  3:16  SCV  
  23  3:24  Starport  
  23  3:28  SCV  
  23  3:32  Hellion x2  
  23  3:33  Orbital Command  
  28  3:36  Barracks Tech Lab  
  28  3:41  SCV  
  29  3:53  SCV, Hellion  
  29  3:54  Hellion  
  34  4:00  SCV  
  35  4:05  SCV  
  35  4:09  Supply Depot  
  36  4:13  SCV, Banshee  
  40  4:17  SCV  
  40  4:23  Cloaking Field  
  41  4:25  SCV  
  41  4:30  Supply Depot  
  46  4:31  Hellion x2  
  46  4:34  SCV  
  46  4:37  SCV  
  48  4:39  Supply Depot  
  48  4:46  SCV  
  48  4:49  SCV  
  50  4:54  Supply Depot  
  50  4:58  SCV, Banshee  
  54  5:01  SCV  
  54  5:03  Hellion x2  
  59  5:10  SCV  
  59  5:14  SCV  
  61  5:17  Command Center  
  61  5:23  SCV  
  61  5:26  SCV  
  63  5:29  Barracks Tech Lab  
  63  5:30  Barracks  
  63  5:32  Barracks  
  63  5:38  SCV  
  63  5:39  SCV  
  65  5:50  Engineering Bay, SCV  
  65  5:51  SCV  
  65  5:52  Engineering Bay  
  67  5:58  Refinery  
  67  6:00  Marine, Starport Reactor, Refinery  
  67  6:01  Stimpack  
  67  6:03  SCV x2  
  67  6:04  Siege Tank  
  73  6:15  SCV  
  74  6:21  Barracks Reactor  
  74  6:25  Barracks  
  74  6:26  Barracks  
  74  6:28  Marine x2  
  74  6:29  SCV x2  
  74  6:32  Orbital Command  
  78  6:37  Supply Depot  
  78  6:40  Supply Depot  
  78  6:48  SCV x2  
  78  6:53  Marine x2  
  78  6:54  Marine  
  83  6:55  Medivac, Orbital Command  
  83  6:59  Supply Depot  
  85  7:02  SCV  
  85  7:03  SCV  
  85  7:06  Supply Depot  
  87  7:11  Marine x2  
  87  7:14  Marine x2  
  87  7:15  SCV x2, Marine  
  94  7:17  Barracks Reactor  
  94  7:18  Barracks Reactor  
  94  7:21  Siege Tank  
  97  7:25  Supply Depot x2  
  97  7:27  SCV x2  
  97  7:28  SCV  
  97  7:29  Marine x2  
  102  7:38  Factory  
  102  7:39  SCV x2  
  102  7:42  Armory  
  104  7:46  SCV  
  104  7:51  SCV, Marine x5  
Show
View Real Time Build Order
Export as new Build Order

A.I. 1 (Very Easy) Zerg - Winner!

Build Orders: Pool First 

Get SALT Encoding   

  8  0:01  Drone  
  9  0:10  Drone  
  10  0:18  Drone  
  11  0:25  Drone  
  12  0:33  Overlord  
  12  0:51  Drone  
  13  0:58  Drone  
  13  1:03  Spawning Pool  
  13  1:04  Extractor  
  13  1:08  Drone  
  13  1:15  Drone  
  14  1:21  Overlord  
  14  1:50  Zergling x2  
  14  1:52  Queen  
  17  2:03  Roach Warren  
  17  2:05  Extractor  
  15  2:08  Zergling x2  
  15  2:09  Drone  
  17  2:16  Drone  
  18  2:27  Zergling x2, Drone  
  21  2:37  Drone  
  21  2:46  Drone  
  22  2:56  Overlord  
  22  2:59  Drone  
  23  3:06  Drone  
  24  3:13  Drone  
  25  4:19  Zergling x2  
  25  5:49  Drone, Lair, Roach, Overlord  
  28  5:56  Drone  
  29  6:03  Drone  
  30  6:10  Drone  
  31  6:18  Drone  
  32  6:25  Drone  
  30  6:28  Ravager  
  30  6:29  Zergling x2  
  30  6:32  Drone  
  33  6:47  Overseer x2  
  35  7:08  Roach  
  35  7:25  Hatchery  
Tags
 
Add a new tag
Caveats
  • Supply blocks, unpowered buildings, or Contaminate may cause inaccurate times.
  • Supply counts are checked every 10 seconds.